 Dungeon Crawl Stone Soup version 0.25-a0-166-g16436c4407 (webtiles) character file.

Game seed: 7931036866408841963, levelgen mode: deterministic

209 Arixos the Skirmisher (level 5, -1/42 HPs)
             Began as a Demonspawn Monk on Nov 24, 2019.
             Killed by divine providence
             ... invoked by an orc priest
              (12 damage)
             ... on level 4 of the Dungeon.
             The game lasted 00:13:50 (3869 turns).

Arixos the Skirmisher (Demonspawn Monk)             Turns: 3869, Time: 00:13:50

Health: -1/42      AC:  6    Str: 12    XL:     5   Next: 55%
Magic:  0/5        EV: 13    Int: 12    God:
Gold:   175        SH:  0    Dex: 17    Spells: 4/4 levels left

rFire    . . .     SeeInvis .   m - +0 rapier
rCold    + . .     Gourm    .   (no shield)
rNeg     . . .     Faith    .   c - +0 leather armour
rPois    +         Spirit   +   (helmet restricted)
rElec    .         Reflect  .   (no cloak)
rCorr    .         Harm     .   a - +2 pair of gloves
MR       .....                  (no boots)
Stlth    +++.......             (no amulet)
HPRegen  0.14/turn              p - ring of protection from cold
MPRegen  0.09/turn              o - ring of poison resistance

@: no status effects
A: antennae 1, thin skeletal structure 1, magic shield
a: no special abilities


You were on level 4 of the Dungeon.
You were not hungry.

You visited 1 branch of the dungeon, and saw 4 of its levels.

You collected 175 gold pieces.

Inventory:

Hand Weapons
 m - a +0 rapier (weapon)
Missiles
 l - 19 poisoned darts (quivered)
Armour
 a - a +2 pair of gloves (worn)
 c - a +0 leather armour (worn)
Jewellery
 d - an uncursed ring of flight
 o - a ring of poison resistance (right hand)
 p - a ring of protection from cold (left hand)
 w - an uncursed amulet of magic regeneration {unknown}
Wands
 s - a wand of random effects (25)
Scrolls
 f - 3 scrolls of remove curse {unknown}
 h - 6 scrolls of identify {unknown}
 i - a scroll of immolation {unknown}
 n - 3 scrolls of enchant weapon {unknown}
 r - a scroll of enchant armour {unknown}
 v - a scroll of teleportation {unknown}
Potions
 e - a potion of brilliance
 g - 2 potions of agility
 k - a potion of haste {unknown}
 q - a potion of curing {unknown}
 t - a potion of ambrosia {unknown}
 u - a potion of mutation {unknown}
 x - a potion of heal wounds
Comestibles
 b - 8 rations
 j - a chunk of flesh


   Skills:
 + Level 3.9 Fighting
 * Level 2.3 Short Blades
 + Level 2.0 Armour
 + Level 3.4 Dodging
 + Level 2.6 Stealth
 - Level 2.6 Unarmed Combat


You had 4 spell levels left.
You didn't know any spells.
Your spell library contained the following spells:

 Spells                   Type           Power        Failure   Level  Hunger
 Magic Dart               Conj           #...         38%         1    ##.....
 Blink                    Tloc           N/A          54%         2    ###....
 Call Imp                 Summ           #.......     54%         2    ###....
 Slow                     Hex            #.......     54%         2    ###....
 Conjure Flame            Conj/Fire      #.......     77%         3    ####...
 Mephitic Cloud           Conj/Pois/Air  #.......     77%         3    ####...


Dungeon Overview and Level Annotations

Branches:
Dungeon (4/15)
 Temple: D:4-7

Altars:
Qazlal


Innate Abilities, Weirdness & Mutations

You have a pair of small antennae on your head.
You have a somewhat thin skeletal structure. (Dex +2, Stealth)
When hurt, damage is shared between your health and your magic reserves.


Message History

The puff of flame hits you!
The adder hisses angrily.
The phantom hits you. The orc priest barely misses you. The phantom hits you.
The orc barely misses you. x2
You hit the orc priest.
The orc priest is lightly wounded.
The orc priest hits you with a +0 mace.
The orc wizard gestures at you while chanting.
The magic dart hits you! The phantom hits you.
* * * LOW HITPOINT WARNING * * *
The phantom blinks!
The orc closely misses you. The orc completely misses you.
The orc priest looks satisfied for a moment.
The adder misses you.
The orc wizard hits you but does no damage.
The orc hits you but does no damage.
You feel less confused.
The orc priest invokes the aid of Beogh against you.
Beogh smites you!
You die...

#..............###.######
....<...................
.#.#.#######.#.##.....#
.....# #.#.#......#
.#...#######.#.#......#
...............#oo....#
.##..####..W....oSo...#
.##..# ####.#.#.o....#
.##..# #.#.#@##+### .# .#
#.#.#.# .. # #.#.# ..
#.#.# .. #.#.# ..# ....#
###


You could see an orc priest, 2 orc wizards, an adder and 2 orcs.

Vanquished Creatures
  Natasha (thrice) (D:3)
  2 adders
  A gnoll (D:1)
  An ooze (D:2)
  3 worms
  5 dart slugs
  4 leopard geckos
  4 ball pythons
  4 giant cockroaches
  4 goblins
  14 hobgoblins
  3 jackals (D:2)
  A quokka (D:4)
  10 bats
  8 frilled lizards
  5 kobolds
  14 rats
86 creatures vanquished.

Notes
Turn   | Place    | Note
-------+----------+-------------------------------------------
     0 | D:1      | Arixos the Demonspawn Monk began the quest for the Orb.
     0 | D:1      | Reached XP level 1. HP: 18/18 MP: 1/1
   378 | D:1      | Gained mutation: You have a somewhat thin skeletal
                  | structure. (Dex +2, Stealth) [demonic ancestry]
   378 | D:1      | Reached XP level 2. HP: 24/24 MP: 2/2
   760 | D:1      | Reached skill level 1 in Armour
   884 | D:1      | Reached XP level 3. HP: 29/29 MP: 3/3
  1424 | D:1      | Reached skill level 1 in Short Blades
  1669 | D:1      | Gained mutation: You have a pair of small antennae on your
                  | head. [demonic ancestry]
  1669 | D:1      | Reached XP level 4. HP: 7/35 MP: 4/4
  3026 | D:3      | Noticed Natasha
  3061 | D:3      | Killed Natasha
  3061 | D:3      | Gained mutation: When hurt, damage is shared between your
                  | health and your magic reserves. [demonic ancestry]
  3061 | D:3      | Reached XP level 5. HP: 27/42 MP: 5/5
  3192 | D:3      | Noticed Natasha
  3205 | D:3      | Killed Natasha
  3238 | D:3      | Noticed Natasha
  3265 | D:3      | Killed Natasha
  3590 | D:3      | Found a stormy altar of Qazlal.
  3863 | D:4      | Noticed a phantom
  3869 | D:4      | Killed from afar by an orc priest

Levels and vault maps discovered:
D:1:      ncdulo_smallfort, layout_rooms
D:2:      layout_rooms, first_ration, minmay_lizard_pond
D:3:      layout_rooms, grunt_qazlal_clouds, uniq_natasha
D:4:      layout_basic

Skill      XL: |  1  2  3  4  5 |
---------------+----------------+-----
Dodging        | 3 |  3.4
Armour         | 1 2 |  2.0
Stealth        | 2 |  2.6
Short Blades   | 1 2 |  2.3
Fighting       | |  3.9
Unarmed Combat | |  2.6

Action                   |  1- 3 |  4- 6 || total
-------------------------+-------+-------++-------
Melee: Unarmed           |    33 |       ||    33
       Dagger            |   176 |    89 ||   265
       Punch             |     2 |     1 ||     3
       Rapier            |       |   111 ||   111
  Use: Potion            |       |     2 ||     2
 Stab: Sleeping          |     5 |     7 ||    12
       Distracted        |       |     1 ||     1
  Eat: Chunk             |     3 |     7 ||    10
Armor: Leather armour    |    46 |    46 ||    92
Dodge: Dodged            |   156 |   133 ||   289

Table legend:
 A = Non-vault XP
 B = Vault XP
 C = Vault XP percentage of total XP
 D = Non-vault monster count
 E = Vault monster count
 F = Vault count percentage of total count
                 A         B        C        D         E       F
            +---------+---------+-------+---------+---------+-------
      Total |     257 |      42 |  14.0 |      78 |       8 |   9.3
            +---------+---------+-------+---------+---------+-------
        D:1 |      88 |       3 |   3.3 |      35 |       3 |   7.9
        D:2 |      75 |       4 |   5.1 |      26 |       4 |  13.3
        D:3 |      92 |      35 |  27.6 |      16 |       1 |   5.9
        D:4 |       2 |       0 |   0.0 |       1 |       0 |   0.0
            +---------+---------+-------+---------+---------+-------
